 Dungeon Crawl Stone Soup version 0.29-a0-994-gc5c9f59d18 (webtiles) character file.

Game seed: 4631498306433893018

293 ytrimaz the Chopper (level 6, -2/47 HPs)
             Began as a Formicid Fighter on Aug 3, 2022.
             Slain by a bullfrog (6 damage)
             ... in a sewer.
             The game lasted 00:03:23 (3357 turns).

ytrimaz the Chopper (Formicid Fighter)              Turns: 3357, Time: 00:03:25

Health: -2/47      AC: 10    Str: 23    XL:     6   Next: 60%
Magic:  6/6        EV:  6    Int:  7    God:
Gold:   116        SH:  5    Dex: 13    Spells: 5/5 levels left

rFire   . . .      SeeInvis +   a - +0 war axe
rCold   . . .      Faith    .   c - +0 buckler
rNeg    . . .      Spirit   .   b - +1 scale mail
rPois   .          Reflect  .   (helmet unavailable)
rElec   .          Harm     .   (no cloak)
rCorr   .          Rampage  .   (no gloves)
Will    .....                   g - +1 pair of boots
Stlth   ..........              (no amulet)
HPRegen 0.15/turn               (no ring)
MPRegen 0.10/turn               (no ring)

@: constricted
A: permanent stasis, dig shafts and tunnels, antennae 3, four strong arms
a: Dig


You were in a sewer.
You visited 1 branch of the dungeon, and saw 3 of its levels.
You also visited: Sewer.

You collected 116 gold pieces.

Inventory:

Hand Weapons
 a - a +0 war axe (weapon)
Missiles
 i - 4 boomerangs (quivered)
Armour
 b - a +1 scale mail (worn)
 c - a +0 buckler (worn)
 g - a +1 pair of boots (worn)
Wands
 m - a wand of flame (11)
Scrolls
 e - 3 scrolls of identify
 f - a scroll of fear
 h - a scroll of magic mapping {unknown}
 n - a scroll of silence {unknown}
 p - a scroll of fog {unknown}
Potions
 d - 2 potions of might
 j - a potion of curing
 k - 2 potions of resistance {unknown}
 l - a potion of brilliance
 o - a potion of ambrosia {unknown}


   Skills:
 - Level 3.2 Fighting
 + Level 6.5 Axes
 - Level 3.2 Armour
 - Level 4.0 Shields


You had 5 spell levels left.
You didn't know any spells.
Your spell library contained the following spells:

 Spells                   Type           Power      Damage    Failure   Level
 Ozocubu's Armour         Ice            0%         N/A       99%         3
 Stone Arrow              Conj/Erth      0%         3d7       99%         3
 Animate Armour           Summ/Erth      0%         N/A       100%        4
 Metabolic Englaciation   Hex/Ice        0%         N/A       100%        5
 Summon Forest            Summ/Tloc      0%         N/A       100%        5
 Summon Mana Viper        Hex/Summ       0%         N/A       100%        5
 Simulacrum               Ice/Necr       0%         N/A       100%        6
 Summon Cactus Giant      Summ           0%         N/A       100%        6
 Lehudib's Crystal Spear  Conj/Erth      0%         10d2      100%        8


Dungeon Overview and Level Annotations

Branches:
Dungeon (3/15)              Sewer (1/1)

Altars:
Uskayaw


Innate Abilities, Weirdness & Mutations

You cannot be hasted, slowed, berserked, paralysed or teleported.
You can dig through walls and to a lower floor.
You have a pair of large antennae on your head. (SInv)
Your four strong arms can wield two-handed weapons with a shield.


Message History

The adder barely misses you. The bullfrog barely misses you.
The bullfrog closely misses you.
Unknown command.
You slash the adder!
You kill the adder!
You barely miss the bullfrog. You hit the bullfrog.
You feel sick.
You are no longer poisoned.
You block the bullfrog's attack. The bullfrog hits you.
The bullfrog hits you but does no damage.
The frilled lizard misses you.
Your unstable footing causes you to fumble your attack.
The bullfrog hits you but does no damage.
You block the bullfrog's attack. The bullfrog hits you!
The frilled lizard bites you but does no damage.
Unknown command.
Unknown command.
Your unstable footing causes you to fumble your attack.
The bullfrog barely misses you. The bullfrog hits you.
* * * LOW HITPOINT WARNING * * *
The bullfrog closely misses you.
The bullfrog hits you but does no damage.
The frilled lizard barely misses you.
The frilled lizard attacks as you move away!
The frilled lizard bites you but does no damage.
The bullfrog hits you but does no damage.
The bullfrog closely misses you. The bullfrog barely misses you.
The bullfrog hits you.
* * * LOW HITPOINT WARNING * * *
The ball python bites you but does no damage.
The ball python closely misses you. The bullfrog hits you!
* * * LOW HITPOINT WARNING * * *
You block the frilled lizard's attack.
You feel better. You block the bullfrog's attack.
The ball python closely misses you. The ball python grabs you.
The ball python constricts you.
* * * LOW HITPOINT WARNING * * *
The bullfrog hits you.
* * * LOW HITPOINT WARNING * * *
The bullfrog hits you.
You die...

#####################
...~~≈≈~F~~~~≈≈≈~~#.###
..~~≈~~#l@.~#~~~≈~~...##
..~~~~~†#FS#~~~~~~~....#
S.~≈~~~~~≈≈~~~~~~~~....#
..~~~~~~≈≈≈≈≈~~~~~~....##
...~~≈≈≈≈≈≈≈≈≈≈≈≈~......#
####################....#
####...## #..#....#
#..'††..#


You could see 2 bullfrogs, a ball python and a frilled lizard.

Vanquished Creatures
  An ogre (D:3)
  Jessica (D:2)
  5 adders
  5 river rats
  2 dart slugs
  8 ball pythons
  8 endoplasms
  2 giant cockroaches
  11 goblins
  6 hobgoblins
  4 quokkas
  2 bats
  3 frilled lizards
  6 kobolds
  30 rats
94 creatures vanquished.

Notes
Turn   | Place    | Note
-------+----------+-------------------------------------------
     0 | D:1      | ytrimaz the Formicid Fighter began the quest for the Orb.
     0 | D:1      | Reached XP level 1. HP: 18/18 MP: 1/1
   342 | D:1      | Reached XP level 2. HP: 11/24 MP: 2/2
   777 | D:1      | Reached skill level 3 in Axes
  1034 | D:1      | Reached XP level 3. HP: 29/29 MP: 3/3
  1620 | D:2      | Noticed Jessica
  1628 | D:2      | Killed Jessica
  1629 | D:2      | Reached skill level 4 in Axes
  1629 | D:2      | Reached XP level 4. HP: 35/35 MP: 4/4
  2242 | D:2      | Found a hide-covered altar of Uskayaw.
  2464 | D:2      | Found a faded altar of an unknown god.
  2785 | D:3      | Noticed an ogre
  2795 | D:3      | Killed an ogre
  2796 | D:3      | Reached skill level 5 in Axes
  2796 | D:3      | Reached XP level 5. HP: 9/41 MP: 5/5
  2806 | D:3      | Reached XP level 6. HP: 12/47 MP: 6/6
  2812 | D:3      | Found a glowing drain.
  2824 | Sewer    | Entered a sewer
  3068 | Sewer    | Reached skill level 6 in Axes
  3356 | Sewer    | HP: 2/47 [bullfrog (7)]
  3357 | Sewer    | Slain by a bullfrog

Illustrated notes

Levels and vault maps discovered:
D:1:      eino_arrival_druids_welcome, layout_basic, minmay_misc_feat_room,
          minmay_unequal
D:2:      layout_basic, basic_altar,
          dreamdust_ecumenical_altar_hidden_monk_grotto, minmay_circle_x,
          uniq_jessica
D:3:      layout_rooms, portal_sewer_entry_b, serial_curves, eino_curves_04,
          eino_curves_01
Sewer:    sewer_minmay_w

Skill      XL: |  1  2  3  4  5  6 |
---------------+-------------------+-----
Axes           | 3 4 5 6 |  6.5
Fighting       | |  3.2
Armour         | |  3.2
Shields        | |  4.0

Action                   |  1- 3 |  4- 6 || total
-------------------------+-------+-------++-------
Melee: War axe           |    54 |   154 ||   208
 Abil: Dig               |     1 |       ||     1
  Use: Scroll            |     3 |     5 ||     8
       Potion            |       |     2 ||     2
Armor: Scale mail        |    34 |   127 ||   161
Dodge: Dodged            |    39 |   123 ||   162
Block: Buckler           |    20 |    64 ||    84

Table legend: (Time is in decaauts)
 A = Elapsed time spent in this place.
 B = Non-inter-level travel time spent in this place.
 C = Inter-level travel time spent in this place.
 D = Time resting spent in this place.
 E = Time spent auto-exploring this place.
 F = Levels seen in this place.
 G = Mean time per level.
                   A        B        C        D        E       F      G
               +--------+--------+--------+--------+--------+-----+--------+
         Total |   3456 |   3420 |     36 |    192 |   2537 |   4 |  864.0 |
       Dungeon |   2864 |   2828 |     36 |      0 |   2383 |   3 |  954.7 |
         Sewer |    591 |    591 |      0 |    192 |    154 |   1 |  591.0 |
               +--------+--------+--------+--------+--------+-----+--------+

Top non-repeatable levels by time:
     D:1: 1535 daAuts
     D:2: 1263 daAuts
   Sewer: 591 daAuts
     D:3: 66 daAuts
